 Dungeon Crawl Stone Soup version 0.27-a0-421-g7ddf969dea (webtiles) character file.

Game seed: 10983840462699295282

1335 Anon1729 the Cutter (level 8, -1/61 (62) HPs)
             Began as a Demonspawn Monk on Feb 26, 2021.
             Slain by an orc warrior
             ... wielding a +0 flail of holy wrath
              (23 damage)
             ... on level 7 of the Dungeon.
             The game lasted 00:06:44 (8616 turns).

Anon1729 the Cutter (Demonspawn Monk)               Turns: 8616, Time: 00:06:45

HP:   -1/61 (62)    AC: 10    Str: 11    XL:     8   Next: 35%
MP:   8/8           EV: 15    Int: 14    God:
Gold: 396           SH:  0    Dex: 16    Spells: 7/7 levels left

rFire    . . .     SeeInvis .   a - +0 short sword
rCold    . . .     Faith    .   (no shield)
rNeg     . . .     Spirit   .   b - +0 robe
rPois    .         Reflect  .   (no helmet)
rElec    .         Harm     .   e - +1 cloak
rCorr    .         Rampage  .   w - +2 pair of gloves
Will     .....                  f - +0 pair of boots
Stlth    +++.......             (no amulet)
HPRegen  0.20/turn              m - ring of wizardry
MPRegen  0.11/turn              (no ring)

@: lightly drained
A: hooves 1, yellow scales 1, powered by death 1
a: no special abilities


You were on level 7 of the Dungeon.
You visited 1 branch of the dungeon, and saw 7 of its levels.

You collected 396 gold pieces.

Inventory:

Hand Weapons
 a - a +0 short sword (weapon)
Armour
 b - a +0 robe (worn)
 e - a +1 cloak (worn)
 f - a +0 pair of boots (worn)
 w - a +2 pair of gloves (worn)
Jewellery
 m - a ring of wizardry (left hand)
 v - a ring of fire
 z - a ring of positive energy
 C - a ring of ice
Wands
 l - a wand of iceblast (6)
 y - a wand of mindburst (12)
 E - a wand of polymorph (5)
Scrolls
 d - 3 scrolls of magic mapping {unknown}
 h - 8 scrolls of identify {unknown}
 k - a scroll of fog {unknown}
 n - 2 scrolls of enchant armour {unknown}
 o - a scroll of blinking {unknown}
 q - 2 scrolls of enchant weapon {unknown}
 r - 4 scrolls of teleportation {unknown}
 t - a scroll of random uselessness {unknown}
 x - 3 scrolls of fear {unknown}
 D - a scroll of silence {unknown}
Potions
 c - 3 potions of curing {unknown}
 g - a potion of invisibility {unknown}
 i - 2 potions of heal wounds {unknown}
 j - 2 potions of might {unknown}
 p - a potion of cancellation {unknown}
 s - a potion of haste {unknown}
 u - a potion of lignification {unknown}
 A - a potion of magic {unknown}
 B - 3 potions of attraction {unknown}


   Skills:
 + Level 5.1 Fighting
 + Level 6.7 Short Blades
 + Level 5.4 Dodging
 + Level 3.8 Stealth
 + Level 1.0 Evocations


You had 7 spell levels left.
You didn't know any spells.
Your spell library was empty.

Dungeon Overview and Level Annotations

Branches:
Dungeon (7/15)             Temple (0/1) D:5

Altars:
Ashenzari
Dithmenos
Elyvilon
Nemelex Xobeh
Ru
Trog
Vehumet
Wu Jian
Zin
The Shining One

Annotations:
D:4 exclusion: ice beast


Innate Abilities, Weirdness & Mutations

You have large cloven feet.
You are partially covered in yellow scales. (AC +2)
You regenerate a little health from kills.


Message History

HP restored.
An orc warrior is nearby!
An orc warrior is nearby!
An orc warrior is nearby!
The orc warrior shouts!
You hear a shout!
An orc comes into view. It is wielding a +0 mace.
The orc warrior completely misses you.
You hit the orc warrior but do no damage.
You barely miss the orc warrior. The orc warrior misses you.
You hit the orc warrior but do no damage.
The orc warrior closely misses you.
You hit the orc warrior but do no damage.
You hit the orc warrior but do no damage.
The orc warrior closely misses you. The orc misses you.
You hit the orc warrior.
The orc warrior is lightly wounded.
The orc warrior hits you with a +0 flail of holy wrath.
You convulse!
You hit the orc warrior.
The orc warrior is lightly wounded.
The orc barely misses you.
You hit the orc warrior but do no damage.
The orc warrior is lightly wounded.
The orc warrior misses you. The orc misses you.
You hit the orc warrior.
The orc warrior is moderately wounded.
You barely miss the orc warrior.
The orc warrior is moderately wounded.
The orc warrior barely misses you. The orc hits you with a +0 mace.
You hit the orc warrior but do no damage.
The orc warrior is moderately wounded.
The orc warrior hits you but does no damage.
The orc misses you.
You hit the orc warrior but do no damage.
The orc warrior is moderately wounded.
You closely miss the orc warrior.
The orc warrior is moderately wounded.
The orc warrior hits you with a +0 flail of holy wrath!!
You convulse!!
You die...

#####....†...........
....#....#.#.#.....#
#........†......#
###....#.#.#.#..##.
#....!...........
####....##...<.....
#.<.....##..######
##......##...#####..
#....#.####@.......
#....#....#oo......
#...#####.#........
#.(.. ...#........
.....#.####..###...
####..# #..# ... ....
. ....


You could see an orc warrior and an orc.

Vanquished Creatures
  Sigmund (D:3)
  2 ogres
  A necrophage (D:7)
  2 centaurs
  A phantom (D:5)
  2 bullfrogs (D:6)
  3 howler monkeys
  2 hounds
  A bullfrog skeleton (D:4)
  A jelly (D:5)
  An orc wizard (D:4)
  3 worker ants
  A howler monkey zombie (D:5)
  9 adders
  2 white imps
  2 oozes
  An adder zombie (D:6)
  4 dart slugs
  3 leopard geckos
  10 orcs
  A ball python (D:6)
  8 bats
  3 giant cockroaches
  8 goblins
  7 hobgoblins
  6 jackals
  11 kobolds
  5 quokkas
  6 frilled lizards
  A leopard gecko skeleton (D:4)
  A quokka zombie (D:5)
  5 rats
114 creatures vanquished.

Vanquished Creatures (others)
  5 plants (D:2)
5 creatures vanquished.

Grand Total: 119 creatures vanquished

Notes
Turn   | Place    | Note
-------+----------+-------------------------------------------
     0 | D:1      | Anon1729 the Demonspawn Monk began the quest for the Orb.
     0 | D:1      | Reached XP level 1. HP: 18/18 MP: 1/1
    71 | D:1      | Gained mutation: You are partially covered in yellow
                  | scales. (AC +2) [demonic ancestry]
    71 | D:1      | Reached XP level 2. HP: 16/24 MP: 2/2
   418 | D:1      | Reached skill level 3 in Short Blades
   610 | D:1      | Reached XP level 3. HP: 29/29 MP: 3/3
  1561 | D:2      | Found a glowing golden altar of the Shining One.
  1561 | D:2      | Found a sparkling altar of Nemelex Xobeh.
  1566 | D:2      | Found a glowing silver altar of Zin.
  2047 | D:2      | Reached XP level 4. HP: 35/35 MP: 4/4
  3302 | D:3      | Found a faded altar of an unknown god.
  3544 | D:3      | Noticed Sigmund
  3735 | D:3      | Gained mutation: You have large cloven feet. [demonic
                  | ancestry]
  3735 | D:3      | Reached XP level 5. HP: 41/41 MP: 5/5
  3840 | D:3      | Killed Sigmund
  3841 | D:3      | Reached skill level 4 in Short Blades
  3841 | D:3      | Gained mutation: You regenerate a little health from kills.
                  | [demonic ancestry]
  3841 | D:3      | Reached XP level 6. HP: 24/48 MP: 6/6
  4073 | D:4      | Found a radiant altar of Vehumet.
  4202 | D:4      | Reached skill level 5 in Short Blades
  4351 | D:4      | Found a shadowy altar of Dithmenos.
  4518 | D:4      | Noticed an ice beast
  5497 | D:5      | Entered Level 5 of the Dungeon
  5628 | D:5      | Reached XP level 7. HP: 22/54 MP: 7/7
  5869 | D:5      | Found a bloodstained altar of Trog.
  6608 | D:5      | Found a staircase to the Ecumenical Temple.
  7048 | D:5      | Found a broken altar of Ashenzari.
  7048 | D:5      | Found an ornate altar of the Wu Jian Council.
  7073 | D:5      | Found a white marble altar of Elyvilon.
  7077 | D:5      | Reached skill level 1 in Evocations
  7324 | D:6      | Reached skill level 6 in Short Blades
  7600 | D:6      | Reached skill level 5 in Dodging
  7682 | D:6      | Reached XP level 8. HP: 49/61 MP: 8/8
  7947 | D:6      | Found a sacrificial altar of Ru.
  7971 | D:6      | Reached skill level 5 in Fighting
  8616 | D:7      | Slain by an orc warrior

Illustrated notes

Levels and vault maps discovered:
D:1:      dpeg_arrival_shrine, layout_basic
D:2:      layout_basic, minitemple, serial_bayou, serial_bayou_lagoon_a,
          serial_bayou_ford_a, serial_bayou_pond_a, serial_bayou_pond_b,
          serial_bayou_crossing
D:3:      minmay_chambers_of_threes, layout_basic,
          chequers_ecumenical_altar_lobes, uniq_sigmund
D:4:      layout_layer_cave, nicolae_overflow_hidden_temple, fiery_altar_vehumet
D:5:      layout_layer_cave, marbit_many_paths,
          gammafunk_temple_overflow_statue, minmay_temple_entry_grid,
          hangedman_decor_points, trog_book
D:6:      layout_basic, nicolae_ru_awakened_eye
D:7:      layout_gridville, serial_co_window_serial, co_window_of_opportunity_a,
          co_window_paths_a, co_window_of_opportunity_a, co_window_paths_a,
          co_window_paths_b, co_window_paths_b, co_window_corner_a,
          co_window_paths_b, co_window_paths_a, co_window_corner_b,
          co_window_2corner, co_window_broadway_a, co_window_4corner_b,
          co_window_sun, glass_columns_b, glass_columns_b, glass_columns_b,
          lightli_corner_chamber

Skill      XL: |  1  2  3  4  5  6  7  8 |
---------------+-------------------------+-----
Short Blades   | 3 4 5 6 |  6.7
Dodging        | 3 4 5 |  5.4
Stealth        | 2 3 |  3.8
Fighting       | 4 5 |  5.1
Evocations     | 1 |  1.0

Action                   |  1- 3 |  4- 6 |  7- 9 || total
-------------------------+-------+-------+-------++-------
Melee: Short sword       |   166 |   318 |   307 ||   791
Evoke: Wand              |       |     1 |     2 ||     3
 Stab: Sleeping          |     7 |     3 |     5 ||    15
Armor: Robe              |    62 |   103 |    87 ||   252
Dodge: Dodged            |   127 |   180 |   185 ||   492

Table legend: (Time is in decaauts)
 A = Elapsed time spent in this place.
 B = Non-inter-level travel time spent in this place.
 C = Inter-level travel time spent in this place.
 D = Time resting spent in this place.
 E = Time spent auto-exploring this place.
 F = Levels seen in this place.
 G = Mean time per level.
                   A        B        C        D        E       F      G
               +--------+--------+--------+--------+--------+-----+--------+
         Total |   8531 |   8322 |    209 |    444 |   6716 |   7 | 1218.7 |
       Dungeon |   8531 |   8322 |    209 |    444 |   6716 |   7 | 1218.7 |
               +--------+--------+--------+--------+--------+-----+--------+

Top non-repeatable levels by time:
     D:5: 1767 daAuts
     D:3: 1758 daAuts
     D:4: 1442 daAuts
     D:1: 1339 daAuts
     D:6: 1210 daAuts
     D:2: 940 daAuts
     D:7: 73 daAuts
